 Dungeon Crawl Stone Soup version 0.28.0-43-g3370ac3207 (webtiles) character file.

Game seed: 2486700201467313481

415 Gabide the Magician (level 6, -1/44 HPs)
             Began as a Mummy Necromancer on Mar 9, 2022.
             Was an Initiate of Sif Muna.
             Shot with an arrow by a centaur (4 damage)
             ... on level 5 of the Dungeon.
             The game lasted 00:15:49 (5925 turns).

Gabide the Magician (Mummy Necromancer)             Turns: 5925, Time: 00:15:49

Health: -1/44      AC:  5    Str: 11    XL:     6   Next: 60%
Magic:  7/14       EV: 12    Int: 17    God:    Sif Muna [......]
Gold:   308        SH:  0    Dex: 12    Spells: 3/16 levels left

rFire   . . .      SeeInvis .   h - +2 dagger (drain)
rCold   + . .      Faith    .   (no shield)
rNeg    + + +      Spirit   .   d - +2 leather armour {rF+}
rPois   ∞          Reflect  .   (no helmet)
rElec   .          Harm     .   (no cloak)
rCorr   .          Rampage  .   (no gloves)
Will    .....                   (no boots)
Stlth   +.........              (no amulet)
HPRegen 0.14/turn               (no ring)
MPRegen 0.14/turn               (no ring)

@: no status effects
A: cold resistance 1, negative energy resistance 3, torment resistance 2, heat
vulnerability 1, no potions
a: Renounce Religion


You were on level 5 of the Dungeon.
You worshipped Sif Muna.
Sif Muna was noncommittal.
You visited 2 branches of the dungeon, and saw 6 of its levels.

You collected 308 gold pieces.

Inventory:

Hand Weapons
 c - a +2 whip of venom
 h - a +2 dagger of draining (weapon)
Missiles
 b - a throwing net
Armour
 a - a +0 robe
 d - a +2 leather armour of fire resistance (worn)
Jewellery
 k - a ring of fire
Wands
 j - a wand of acid (11)
Scrolls
 e - 2 scrolls of amnesia {unknown}
 f - 6 scrolls of identify {unknown}
 g - a scroll of teleportation {unknown}
 i - 2 scrolls of fear
 l - a scroll of blinking {unknown}


   Skills:
 * Level 2.0 Fighting
 + Level 0.9 Armour
 * Level 2.4 Dodging
 + Level 1.5 Stealth
 * Level 5.9 Spellcasting
 * Level 5.5 Necromancy


You had 3 spell levels left.
You knew the following spells:

 Your Spells              Type           Power      Damage    Failure   Level
a - Pain                  Necr           92%        1d8       1%          1
b - Vampiric Draining     Necr           23%        2d7       5%          3
c - Animate Dead          Necr           11%        N/A       17%         4
d - Agony                 Necr           23%        N/A       43%         5

Your spell library contained the following spells:

 Spells                   Type           Power      Damage    Failure   Level
 Animate Skeleton         Necr           46%        N/A       1%          1
 Excruciating Wounds      Necr           11%        N/A       43%         5


Dungeon Overview and Level Annotations

Branches:
Dungeon (5/15)             Temple (1/1) D:4

Altars:
Ashenzari
Cheibriados
Dithmenos
Elyvilon
Gozag
Hepliaklqana
Kikubaaqudgha
Nemelex Xobeh
Qazlal
Sif Muna
Uskayaw
Vehumet
Wu Jian
Xom
The Shining One


Innate Abilities, Weirdness & Mutations

You are immune to poison.
Your flesh is cold resistant. (rC+)
You are immune to negative energy. (rN+++)
You are immune to unholy pain and torment.
You are vulnerable to heat. (rF-)
You do not drink.


Message History

The gnoll hits you with a +0 club. What are your orders? t - Shout!
Orders for allies: a - Attack new target. p - Attack previous target. r - Retreat! s - Stop attacking. g - Guard the area. f - Follow me.
Anything else - Cancel.
Gang up on whom?
Press: ? - help, Dir - move target, f - centaur, p - gnoll
Aim: a centaur, wielding a +0 shortbow and quivering arrows Attack!
The gnoll hits you with a +0 club.
You tear a large gash into the net.
Your gnoll zombie barely misses the centaur.
The gnoll hits you with a +0 club!
* * * LOW HITPOINT WARNING * * *
You rip the net and break free!
The centaur unwields a +0 shortbow.
The centaur closely misses you. x2; The gnoll barely misses you.
As you read the scroll of fear, it crumbles to dust.
You assume a fearsome visage.
The centaur looks frightened!
The gnoll looks frightened! x2
The gnoll hits your gnoll zombie with a +0 club.
Your gnoll zombie hits the centaur but does no damage.
Your gnoll zombie's attack snaps the centaur out of its fear.
Cornered, the centaur turns to fight!
Your gnoll zombie hits the centaur but does no damage.
Your gnoll zombie hits the centaur with a +0 flail.
The centaur hits your gnoll zombie. The centaur kicks your gnoll zombie.
The gnoll yells at you, "GO AWAY!"
The centaur wields a +0 shortbow.
The centaur shoots an arrow.
The arrow hits your gnoll zombie.
Your gnoll zombie hits the centaur with a +0 flail. x2
The centaur shoots an arrow.
The arrow hits your gnoll zombie!
Your gnoll zombie is destroyed!
The centaur shoots an arrow.
The arrow misses you.
Your gnoll zombie barely misses the centaur.
The centaur shoots an arrow.
The arrow hits you!
* * * LOW HITPOINT WARNING * * *
The centaur wields a +0 shortbow.
The centaur shoots an arrow.
The arrow hits you.
You die...

#.......# #########
#.......# ##g..#..c##
#....<..#
##......Z).##
#.......#
#...........#
##.......#
#...........#
####........#
#.>......$..#
#.....#######
##........c#####.....#
##...#.........@....#
#######.######..<..#
#.## #......#
#..####......#
##g##...#....#
#....#.#....#
#....#...#....#
#..##...######## ....#
#.###


You could see a centaur.

Vanquished Creatures
  Edmund (D:4)
  An orc wizard (D:4)
  A howler monkey zombie (D:5)
  14 gnolls
  3 adders
  A shadow imp (D:5)
  A worm (D:2)
  4 dart slugs
  4 orcs (D:4)
  8 ball pythons
  8 endoplasms
  6 giant cockroaches
  2 goblins
  8 hobgoblins
  7 jackals
  4 quokkas
  6 bats
  4 frilled lizards
  4 kobolds
  9 rats
96 creatures vanquished.

Notes
Turn   | Place    | Note
-------+----------+-------------------------------------------
     0 | D:1      | Gabide the Mummy Necromancer began the quest for the Orb.
     0 | D:1      | Reached XP level 1. HP: 13/13 MP: 4/4
    63 | D:1      | Found a faded altar of an unknown god.
   510 | D:1      | Reached XP level 2. HP: 13/20 MP: 1/5
  1386 | D:1      | Reached XP level 3. HP: 23/25 MP: 0/7
  1623 | D:1      | Reached skill level 1 in Fighting
  1870 | D:2      | Learned a level 3 spell: Vampiric Draining
  2264 | D:2      | Found an ornate altar of the Wu Jian Council.
  2502 | D:2      | Reached XP level 4. HP: 21/32 MP: 0/9
  2842 | D:2      | Learned a level 4 spell: Animate Dead
  3317 | D:3      | Reached XP level 5. HP: 37/37 MP: 4/11
  3394 | D:3      | Found a broken altar of Ashenzari.
  3661 | D:3      | Found a faded altar of an unknown god.
  3665 | D:3      | Found a sparkling altar of Nemelex Xobeh.
  3946 | D:3      | Reached skill level 5 in Spellcasting
  4311 | D:3      | Reached skill level 5 in Necromancy
  4543 | D:3      | Learned a level 5 spell: Agony
  4604 | D:4      | Found a staircase to the Ecumenical Temple.
  4788 | Temple   | Entered the Ecumenical Temple
  4864 | Temple   | Became a worshipper of Sif Muna the Loreminder
  5324 | D:4      | Reached XP level 6. HP: 44/44 MP: 11/13
  5404 | D:4      | Noticed Edmund
  5411 | D:4      | Killed Edmund
  5801 | D:5      | Entered Level 5 of the Dungeon
  5920 | D:5      | HP: 2/44 [centaur/arrow (8)]
  5925 | D:5      | Shot with an arrow by a centaur

Illustrated notes

Levels and vault maps discovered:
D:1:      amcnicky_arrival_underground_garden, layout_rooms,
          ebering_ecumenical_altar_petrified, corexii_hall_statues_x
D:2:      kennysheep_big_flooded_room, layout_loops_ring, basic_altar,
          palyth_stone_intersect, minmay_cut_off
D:3:      layout_basic, nicolae_overflow_ecumenical_swirl,
          nicolae_ashenzari_skybound
D:4:      layout_cave_pods, minmay_temple_entry_glass, uniq_edmund
D:5:      layout_rooms, general_overflow_altar, hangedman_ru_absence
Temple:   cyrus_circular_temple

Skill      XL: |  1  2  3  4  5  6 |
---------------+-------------------+-----
Spellcasting   | 3 4 5 |  5.9
Fighting       | 1 2 |  2.0
Dodging        | 2 |  2.4
Necromancy     | 5 |  5.5
Armour         | |  0.9
Stealth        | |  1.5

Action                   |  1- 3 |  4- 6 || total
-------------------------+-------+-------++-------
Melee: Unarmed           |    32 |     4 ||    36
       Punch             |     1 |     1 ||     2
       Dagger            |       |    43 ||    43
 Cast: Pain              |    99 |   117 ||   216
       Vampiric Draining |       |    10 ||    10
       Animate Dead      |       |     1 ||     1
  Use: Scroll            |     2 |     1 ||     3
Armor: Robe              |     5 |       ||     5
       Leather armour    |     7 |    25 ||    32
Dodge: Dodged            |    30 |    54 ||    84
